General information
- name: BNet
- type: Ladder 1vs1/FFA
- host: Battle.net
- saver: schmitty9800
map: LostTemple
- players: 2
- length: 27:15
- speed: Fast
- version: 1.23 W3XP
- replay type: Public
» download(88 KB)
Players
team 1 (loser)
Rooks (
yellow | 53 APM | 1444 actions | 27:08)
10 Demon Hunter
3 Mana Burn
3 Evasion
1 Metamorphosis
3 Immolation
» actions
| Basic commands | 17 | |
| Build / train | 60 | |
| ESC pressed | 2 | |
| Enter build submenu | 14 | |
| Enter hero's abilities submenu | 10 | |
| Right click | 885 | |
| Select / deselect | 403 | |
| Use ability | 53 | |
1444 total
» units
| Wisp | 11 | |
| Huntress | 13 | |
| Archer | 4 | |
| Dryad | 10 | |
38 total
» upgrades
| Strength of the Moon | 2 | |
| Moon Armor | 1 | |
| Ultravision | 1 | |
| Strength of the Wild | 2 | |
| Improved Bows | 1 | |
| Abolish Magic | 1 | |
| Reinforced Hides | 2 | |
10 total
» buildings
| Altar of Elders | 1 | |
| Moon Well | 7 | |
| Hunter's Hall | 1 | |
| Ancient of War | 2 | |
| Tree of Ages | 1 | |
| Ancient of Lore | 2 | |
14 total
» build order
00:06 Altar of Elders
00:12 Moon Well
01:06 Moon Well
01:52 Hunter's Hall
02:20 Ancient of War
02:24 Ancient of War
03:52 Moon Well
04:53 Moon Well
07:27 Tree of Ages
07:37 Moon Well
09:58 Ancient of Lore
10:02 Ancient of Lore
10:13 Moon Well
12:08 Moon Well
team 2 (winner)

»
schmitty9800 (
orange | 104 APM | 2826 actions | 27:15)
4 Demon Hunter
2 Mana Burn
2 Evasion
3 Keeper of the Grove
2 Entangling Roots
1 Thorns Aura
» actions
| Assign group hotkey | 70 | |
| Basic commands | 56 | |
| Build / train | 114 | |
| ESC pressed | 9 | |
| Enter build submenu | 23 | |
| Enter hero's abilities submenu | 8 | |
| Give item / drop item | 3 | |
| Right click | 1242 | |
| Select / deselect | 513 | |
| Select group hotkey | 649 | |
| Use ability | 139 | |
2826 total
» units
| Wisp | 43 | |
| Archer | 11 | |
| Huntress | 2 | |
| Druid of the Claw | 15 | |
| Druid of the Talon | 6 | |
| Mountain Giant | 4 | |
| Dryad | 2 | |
83 total
» upgrades
| Druid of the Claw Training | 2 | |
| Well Spring | 1 | |
| Druid of the Talon Training | 1 | |
| Mark of the Claw | 1 | |
| Nature's Blessing | 1 | |
| Strength of the Wild | 1 | |
| Hardened Skin | 1 | |
| Resistant Skin | 1 | |
| Abolish Magic | 1 | |
| Reinforced Hides | 1 | |
11 total
» buildings
| Altar of Elders | 1 | |
| Moon Well | 9 | |
| Ancient of War | 2 | |
| Ancient of Wonders | 2 | |
| Tree of Ages | 1 | |
| Hunter's Hall | 1 | |
| Tree of Life | 1 | |
| Ancient of Lore | 2 | |
| Tree of Eternity | 1 | |
| Ancient of Wind | 1 | |
| Ancient Protector | 2 | |
23 total
» build order
00:04 Altar of Elders
00:17 Moon Well
00:33 Ancient of War
01:35 Moon Well
02:06 Ancient of Wonders
04:10 Tree of Ages
04:23 Hunter's Hall
04:28 Moon Well
05:04 Tree of Life
06:37 Ancient of Lore
06:39 Ancient of Lore
07:28 Tree of Eternity
12:13 Ancient of Wind
14:28 Ancient of Wonders
14:32 Moon Well
14:55 Moon Well
15:00 Ancient Protector
15:33 Ancient of War
23:51 Moon Well
23:56 Moon Well
24:05 Moon Well
24:49 Moon Well
25:30 Ancient Protector
» items
| Potion of Healing | 4 | |
| Staff of Preservation | 2 | |
| Orb of Venom | 1 | |
| Lesser Clarity Potion | 1 | |
| Scroll of Town Portal | 1 | |
9 total
Chat log
(00:35 / All) Rooks: hi
(01:01 / All) Rooks: i pro
(14:38 / All) Rooks: ur cheating
(14:39 / All) Rooks: reporting
(23:52 / All) Rooks: gg
(27:05 / All) Rooks: gg ur not that good though